Map: Nightshade LE

Players

CUKIMA

  • Race: Zerg Zerg
  • Spawn Location: 11:00

ViBE - Winner!

  • Race: Terran Terran
  • League: Platinum
  • Spawn Location: 5:00

VOD

Have the link to the VOD?

Description

Time

  • Played on: Dec. 11, 2019, 9:56 p.m.
  • Length: 14:46
Show
View Real Time Build Order
Export as new Build Order

CUKIMA Zerg 

Build Orders: Hatch First, Lurkers 

Get SALT Encoding   

  12  0:01  Drone  
  13  0:08  Drone  
  14  0:16  Overlord  
  14  0:35  Drone x3  
  17  0:47  Drone  
  18  0:55  Hatchery  
  17  0:58  Drone  
  17  1:01  Extractor  
  17  1:14  Spawning Pool  
  17  1:16  Drone  
  17  1:25  Drone  
  18  1:31  Drone  
  19  1:40  Drone  
  20  1:50  Drone  
  21  2:06  Queen x2  
  21  2:07  Drone  
  21  2:08  Drone  
  27  2:16  Zergling x2  
  27  2:22  Metabolic Boost  
  28  2:29  Drone  
  28  2:38  Overlord  
  28  2:39  Overlord  
  28  2:52  Lair  
  28  3:05  Drone  
  29  3:06  Drone x4  
  29  3:10  Extractor, Queen  
  34  3:23  Roach Warren  
  34  3:26  Zergling x4  
  35  3:27  Overlord  
  35  3:29  Overlord  
  35  3:31  Drone x2  
  37  3:39  Drone x2  
  37  3:41  Drone  
  40  3:52  Drone x4  
  40  3:53  Drone x4  
  48  4:02  Drone x2  
  50  4:11  Drone  
  50  4:15  Extractor  
  50  4:16  Queen  
  52  4:21  Hatchery  
  51  4:34  Spine Crawler  
  51  4:35  Roach x3  
  56  4:40  Drone  
  56  4:43  Zergling x6  
  56  4:44  Overlord  
  60  4:51  Glial Reconstitution  
  60  4:54  Burrow  
  60  4:55  Pneumatized Carapace  
  60  5:09  Drone  
  60  5:10  Drone x7  
  68  5:18  Spire, Drone  
  68  5:33  Drone x2  
  68  5:34  Drone  
  68  5:35  Drone x2  
  73  5:37  Extractor, Queen  
  73  5:40  Extractor, Overlord  
  73  5:42  Overlord  
  73  6:01  Drone x2  
  73  6:02  Drone  
  75  6:05  Extractor  
  75  6:08  Spire  
  75  6:11  Evolution Chamber  
  72  6:12  Drone x3  
  72  6:15  Baneling Nest  
  74  6:21  Zergling x2  
  74  6:22  Zergling x16  
  83  6:27  Drone x3  
  83  6:28  Spine Crawler, Drone  
  86  6:35  Zerg Flyer Weapons Level 1  
  86  6:36  Overlord  
  86  6:38  Mutalisk x2  
  90  6:40  Overlord x2  
  90  6:42  Hatchery  
  90  6:44  Overseer  
  89  6:52  Zergling x2  
  89  7:23  Hydralisk Den  
  89  7:28  Drone x9, Infestation Pit  
  96  7:35  Zergling x2, Zerg Melee Weapons Level 1  
  96  7:36  Zergling x16  
  105  7:43  Drone  
  106  7:45  Spine Crawler  
  106  7:47  Spine Crawler  
  103  8:05  Hive  
  103  8:08  Grooved Spines, Hydralisk  
  103  8:09  Hydralisk x7  
  119  8:21  Spore Crawler  
  119  8:26  Zerg Flyer Armor Level 1  
  118  8:27  Tunneling Claws  
  118  8:47  Overlord x6  
  118  8:48  Overlord  
  118  9:14  Roach x4  
  118  9:15  Roach x4  
  134  9:17  Viper  
  134  9:18  Viper x6  
  134  9:19  Evolution Chamber  
  134  9:21  Roach x3  
  154  9:25  Roach x3  
  154  9:26  Evolution Chamber  
  154  9:29  Evolution Chamber  
  154  9:31  Evolution Chamber  
  151  9:33  Roach x11  
  151  9:36  Spine Crawler x2  
  151  9:38  Spine Crawler  
  148  9:39  Spine Crawler  
  147  9:59  Zerg Ground Armor Level 1, Zerg Missile Weapons Level 1  
  147  10:01  Muscular Augments  
  147  10:03  Hydralisk x5  
  157  10:09  Lurker Den  
  157  10:13  Drone x4  
  160  10:14  Extractor  
  159  10:23  Extractor  
  159  10:24  Greater Spire  
  158  10:45  Hatchery  
  157  11:03  Hydralisk x3  
  157  11:04  Zergling x10  
  164  11:05  Hydralisk  
  164  11:06  Roach x3  
  164  11:07  Overlord x4  
  164  11:08  Overlord  
  137  11:44  Roach  
  137  11:45  Zergling x2, Roach x18  
  137  11:46  Zergling x8  
  144  12:10  Adaptive Talons  
  144  12:11  Zerg Missile Weapons Level 2, Zerg Ground Armor Level 2  
  138  12:46  Roach x2  
  138  12:47  Roach x11  
  160  13:20  Zergling x8  
  160  13:21  Zergling x4  
  95  13:40  Hydralisk  
  97  13:41  Hydralisk  
  97  13:42  Hydralisk x8  
  117  13:55  Queen  
  117  13:56  Queen  
  117  14:04  Hydralisk x2  
  111  14:11  Lurker x5  
  111  14:12  Lurker x2  
  109  14:23  Zergling x16  
Show
View Real Time Build Order
Export as new Build Order

ViBE Terran - Winner!

Build Orders: 2 Factory, Reaper Expand, Mech 

Get SALT Encoding   

  12  0:00  SCV  
  13  0:13  SCV  
  14  0:18  Supply Depot  
  14  0:26  SCV  
  15  0:40  SCV  
  15  0:41  Barracks  
  16  0:46  Refinery  
  16  0:54  SCV  
  17  1:07  SCV  
  18  1:19  SCV  
  19  1:31  Reaper  
  20  1:32  Orbital Command  
  20  1:44  Command Center  
  20  1:59  SCV, Supply Depot  
  21  2:12  SCV  
  21  2:13  Factory  
  22  2:22  Refinery  
  22  2:24  SCV  
  22  2:26  Barracks Reactor  
  23  2:36  SCV  
  24  2:48  SCV  
  25  2:58  Orbital Command  
  25  3:00  SCV, Supply Depot  
  26  3:05  Factory  
  26  3:12  SCV  
  27  3:16  Barracks Tech Lab  
  27  3:23  Supply Depot  
  27  3:24  SCV  
  27  3:27  SCV  
  29  3:29  Hellion  
  29  3:30  Hellion  
  33  3:36  SCV  
  33  3:39  SCV  
  35  3:48  SCV  
  35  3:50  Supply Depot  
  35  3:51  SCV  
  36  3:57  Hellion  
  36  3:58  Hellion  
  36  3:59  Siege Tank  
  36  4:01  SCV  
  44  4:03  SCV  
  45  4:13  SCV, Supply Depot  
  45  4:15  SCV  
  47  4:17  Factory  
  47  4:23  Refinery  
  47  4:24  Refinery  
  47  4:25  SCV  
  47  4:27  SCV  
  47  4:30  Hellion  
  47  4:31  Hellion, Siege Tank  
  53  4:37  SCV  
  57  4:39  SCV, Supply Depot  
  57  4:42  Supply Depot  
  58  4:49  SCV  
  58  4:51  SCV  
  64  5:00  Hellion x2  
  64  5:01  SCV  
  64  5:03  SCV  
  64  5:04  Factory Tech Lab  
  64  5:05  Supply Depot  
  64  5:06  Siege Tank  
  69  5:13  SCV  
  70  5:19  Command Center  
  70  5:29  Armory  
  70  5:30  Engineering Bay  
  70  5:32  SCV x2  
  72  5:43  Siege Tank  
  72  5:44  SCV x2, Hellion x2  
  81  5:54  Supply Depot  
  81  5:56  SCV x2  
  83  5:57  Supply Depot  
  83  6:00  Supply Depot  
  83  6:09  SCV  
  83  6:10  SCV  
  85  6:18  Thor x2  
  85  6:20  Terran Vehicle Weapons Level 1  
  85  6:23  Hellbat  
  99  6:31  Missile Turret x2  
  99  6:32  SCV x2  
  101  6:35  Orbital Command  
  101  6:48  Missile Turret  
  101  6:51  Hellbat x2  
  105  6:59  Command Center  
  105  7:04  SCV x2  
  107  7:09  Thor, Orbital Command  
  107  7:15  Missile Turret  
  113  7:16  Missile Turret  
  113  7:22  Missile Turret  
  113  7:24  Missile Turret, Armory  
  113  7:29  SCV x2  
  115  7:39  SCV  
  115  7:41  SCV x2  
  118  7:51  SCV  
  119  7:53  SCV x2  
  119  7:55  Refinery  
  119  7:56  Refinery  
  119  7:58  Thor  
  127  7:59  Thor  
  127  8:03  SCV  
  127  8:04  Hellbat  
  127  8:05  Hellbat  
  138  8:14  Supply Depot  
  138  8:22  SCV  
  138  8:23  SCV x2, Command Center  
  141  8:28  Terran Vehicle And Ship Armor Level 1, Terran Vehicle Weapons Level 2  
  141  8:30  Neosteel Armor  
  141  8:37  Supply Depot  
  141  8:38  SCV  
  141  8:39  SCV x2  
  144  8:51  SCV x2  
  144  8:52  SCV  
  147  8:55  Smart Servos  
  147  8:56  Infernal Pre-Igniter  
  147  8:57  Thor x2  
  147  8:59  Hellbat  
  161  9:03  SCV x2  
  161  9:04  SCV  
  161  9:05  Missile Turret  
  161  9:07  Planetary Fortress  
  164  9:15  SCV x2  
  164  9:16  SCV  
  167  9:32  Refinery  
  167  9:33  Hellion x2  
  167  9:34  Refinery  
  167  9:36  Supply Depot x2  
  171  9:44  Command Center  
  171  9:45  Thor x2  
  183  9:52  Factory, Hellion x2  
  183  9:54  Factory  
  183  9:57  Factory  
  183  10:00  Factory  
  183  10:02  Factory  
  183  10:05  SCV x2  
  183  10:06  SCV  
  186  10:08  Factory  
  186  10:10  Hi-Sec Auto Tracking  
  186  10:22  Hellbat x2  
  186  10:28  Thor  
  196  10:29  Planetary Fortress  
  196  10:41  Refinery  
  196  10:43  Terran Vehicle And Ship Armor Level 2  
  196  10:44  Missile Turret, Terran Vehicle Weapons Level 3  
  196  10:45  Refinery  
  196  10:46  Factory Reactor  
  196  10:47  Factory Reactor  
  196  10:48  Factory Tech Lab x3  
  194  10:51  Factory Tech Lab  
  169  11:33  Thor  
  169  11:34  Thor x3  
  169  11:35  SCV  
  169  11:36  SCV x4  
  169  11:37  Thor x2  
  169  11:38  Hellbat  
  169  11:39  Hellbat x5  
  169  11:48  SCV x2, Factory  
  169  11:49  Factory  
  169  11:52  Factory  
  153  11:57  Factory  
  137  12:10  Hellbat x5  
  137  12:11  Hellbat  
  149  12:16  Thor  
  155  12:27  Thor  
  155  12:28  Thor x3  
  179  12:38  Thor  
  179  12:39  Hellbat  
  179  12:40  Hellbat  
  179  12:41  Factory Reactor, Factory Tech Lab x2  
  179  12:42  Factory Tech Lab  
  189  12:53  Planetary Fortress  
  189  12:55  Command Center  
  189  13:01  Thor, Missile Turret  
  189  13:02  Hellbat x2  
  189  13:03  SCV  
  200  13:12  Command Center  
  184  13:32  SCV  
  184  13:33  SCV x5  
  180  13:41  Thor x2  
  180  13:42  Thor  
  180  13:43  Hellbat  
  196  14:05  Refinery  
  196  14:08  Orbital Command  
  196  14:09  Refinery  
  190  14:12  Command Center  
  190  14:13  Command Center  
  200  14:36  Factory  
  200  14:37  Factory  
  198  14:39  Factory  
Tags
 
Add a new tag
Caveats
  • Supply blocks, unpowered buildings, or Contaminate may cause inaccurate times.
  • Supply counts are checked every 10 seconds.